 Dungeon Crawl Stone Soup version 0.26.0-7-g794d0892b4 (webtiles) character file.

Game seed: 15172057250234515402

40 lastplaneout the Insei (level 3, -9/27 HPs)
             Began as a Demigod Transmuter on Jan 11, 2021.
             Mangled by a goblin
             ... wielding a +4 dagger of freezing
             ... led by Robin
              (10 damage)
             ... on level 2 of the Dungeon.
             The game lasted 00:02:46 (1328 turns).

lastplaneout the Insei (Demigod Transmuter)         Turns: 1328, Time: 00:02:47

Health: -9/27      AC:  2    Str: 15    XL:     3   Next: 14%
Magic:  7/8        EV: 12    Int: 17    God:
Gold:   45         SH:  0    Dex: 16    Spells: 2/5 levels left

rFire    . . .     SeeInvis .     - Unarmed
rCold    . . .     Faith    .   (no shield)
rNeg     . . .     Spirit   .   a - +0 robe
rPois    .         Reflect  .   (no helmet)
rElec    .         Harm     .   (no cloak)
rCorr    .         Rampage  .   (no gloves)
Will     .....                  (no boots)
Stlth    +.........             (no amulet)
HPRegen  0.09/turn              (no ring)
MPRegen  0.11/turn              (no ring)

@: wereblooded (expiring), attractive
A: high mp 1
a: no special abilities


You were on level 2 of the Dungeon.
You visited 1 branch of the dungeon, and saw 2 of its levels.

You collected 45 gold pieces.

Inventory:

Armour
 a - a +0 robe (worn)
Scrolls
 c - a scroll of blinking {unknown}
 e - a scroll of fog {unknown}
 f - a scroll of random uselessness {unknown}
 g - a scroll of identify {unknown}
 i - a scroll of immolation {unknown}
Potions
 b - a potion of attraction
 d - a potion of curing {unknown}
 h - a potion of resistance {unknown}


   Skills:
 - Level 0.8 Fighting
 - Level 1.7 Dodging
 + Level 3.7 Unarmed Combat
 - Level 1.7 Spellcasting
 + Level 2.2 Transmutations


You had 2 spell levels left.
You knew the following spells:

 Your Spells              Type           Power        Failure   Level
a - Beastly Appendage     Tmut           18%          8%          1
b - Wereblood             Tmut           9%           12%         2

Your spell library contained the following spells:

 Spells                   Type           Power        Failure   Level
 Spider Form              Tmut/Pois      2%           36%         3
 Ice Form                 Ice/Tmut       5%           77%         4
 Blade Hands              Tmut           4%           91%         5


Dungeon Overview and Level Annotations

Branches:
Dungeon (2/15)

Annotations:
D:2 Robin


Innate Abilities, Weirdness & Mutations

You have an increased reservoir of magic. (+10% MP)


Message History

You punch Robin!
Robin is severely wounded.
You howl as the wereblood boils in your veins!
Robin hits you with a +0 whip.
* * * LOW HITPOINT WARNING * * *
The goblin barely misses you.
You hit Robin.
Robin is severely wounded.
You howl as the wereblood boils in your veins!
Your primal bloodlust is almost over.
Robin hits you with a +0 whip!
* * * LOW HITPOINT WARNING * * *
It was a potion of attraction.
You feel attractive to monsters. The goblin barely misses you.
You hit Robin.
Robin is almost dead.
The hobgoblin no longer looks unusually strong.
The goblin hits you with a +4 dagger of freezing!
You die...

#.####...........#
######## ###
##'##.......#
#.##.......#
#.##.......#
#.##.#.##### #
#....#.# .# ######.#
.#
#......##########.###
#.#######@ggl.......#
#.# #g###.......# #.#
#.# #...!...#.
#.#######.#
#.g........
#.(.((..).#
#......##..
########### #......#
#.......# ###.......
#...##.g.


You could see Robin, a leopard gecko, a hobgoblin and a goblin (strong).

Vanquished Creatures
  An ooze (D:2)
  A dart slug (D:2)
  A bat (D:1)
  3 giant cockroaches
  11 goblins
  7 hobgoblins
  A frilled lizard (D:2)
  3 kobolds
  A rat (D:1)
29 creatures vanquished.

Notes
Turn   | Place    | Note
-------+----------+-------------------------------------------
     0 | D:1      | lastplaneout the Demigod Transmuter began the quest for the
                  | Orb.
     0 | D:1      | Reached XP level 1. HP: 15/15 MP: 5/5
   202 | D:1      | Reached skill level 3 in Unarmed Combat
   410 | D:1      | Reached XP level 2. HP: 22/22 MP: 5/7
   418 | D:1      | Learned a level 2 spell: Wereblood
  1296 | D:2      | Noticed Robin
  1313 | D:2      | Reached XP level 3. HP: 10/27 MP: 5/8
  1326 | D:2      | HP: 1/27 [Robin/+0 whip (7)]
  1328 | D:2      | Mangled by a goblin

Illustrated notes

Levels and vault maps discovered:
D:1:      minmay_arrival_semitransparent, layout_rooms
D:2:      layout_basic, nicolae_dithmenos_shadow_blocks, uniq_robin

Skill      XL: |  1 |
---------------+----+-----
Unarmed Combat | 3 |  3.7
Transmutations | 2 |  2.2
Fighting       | |  0.8
Dodging        | |  1.7
Spellcasting   | |  1.7

Action                   || total
-------------------------++-------
Melee: Unarmed           ||    80
       Kick              ||     7
       Headbutt          ||     4
       Punch             ||     1
 Cast: Beastly Appendage ||     8
       Wereblood         ||     2
  Use: Potion            ||     1
Armor: Robe              ||    14
Dodge: Dodged            ||    57
